 Dungeon Crawl Stone Soup version 0.31-a0-232-gb1c03b2570 (webtiles) character file.

Game seed: 12947646210666473373

98 qw the Shooter (level 4, -5/26 HPs)
             Began as a Gargoyle Hexslinger on July 7, 2023.
             Slain by an orc
             ... wielding a +0 war axe
              (7 damage)
             ... on level 3 of the Dungeon.
             The game lasted 00:00:45 (1499 turns).

qw the Shooter (Gargoyle Hexslinger)                Turns: 1499, Time: 00:00:46

Health: -5/26      AC:  8    Str: 12    XL:     4   Next: 69%
Magic:  5/5        EV: 10    Int: 13    God:
Gold:   75         SH:  0    Dex: 14    Spells: 4/5 levels left

rFire   . . .        Y - +1 sling
rCold   . . .        (no shield)
rNeg    + . .        f - +0 ring mail
rPois   inf          (no helmet)
rElec   +            (no cloak)
rCorr   .            (no gloves)
SInv    +            (no boots)
Will    .....        (no amulet)
Stlth   +            e - ring of see invisible
HPRegen 0.24/turn    (no ring)
MPRegen 0.09/turn

%: no passive effects
@: brilliant
A: sickness immunity, AC +3, negative energy resistance 1, electricity
resistance, torment resistance 1, petrification resistance
a: no special abilities


You were on level 3 of the Dungeon.
You visited 1 branch of the dungeon, and saw 3 of its levels.

You collected 75 gold pieces.


Innate Abilities, Weirdness & Mutations

You are immune to sickness and miasma.
Your stone body is resilient. (AC +3)
You are immune to poison.
You resist negative energy. (rN+)
You are resistant to electric shocks. (rElec)
You are resistant to unholy torment.
You are immune to petrification.


   Skills:
 - Level 2.0 Fighting
 + Level 4.0 Ranged Weapons
 - Level 1.7 Armour
 - Level 1.5 Dodging
 - Level 1.0 Spellcasting
 - Level 2.6 Hexes


You had 4 spell levels left.
You knew the following spells:

 Your Spells              Type           Power      Damage    Failure   Level
a - Slow                  Hex            44%        N/A       21%         1

Your spell library contained the following spells:

 Spells                   Type           Power      Damage    Failure   Level
 Inner Flame              Hex/Fire       6%         N/A       71%         3
 Portal Projectile        Hex/Tloc       12%        N/A       71%         3
 Cause Fear               Hex            5%         N/A       90%         4

Inventory:

Hand Weapons
 Y - a +1 sling (weapon)
Armour
 f - a +0 ring mail (worn)
Jewellery
 e - a ring of see invisible (left hand)
Potions
 c - a potion of curing {unknown}
 h - a potion of berserk rage {unknown}

Dungeon Overview and Level Annotations

Branches:
Dungeon (3/15)

Altars:
Wu Jian

Shops:
D:3 ?


Message History

The orc wizard points at you and mumbles some strange words.
The magic dart hits you.
You shoot a sling bullet. The sling bullet hits the orc wizard.
You kill the orc wizard!
The orc hits you but does no damage.
Your Armour skill increases to level 1!
You shoot a sling bullet.
The sling bullet completely misses the orc.
You hear a shout!
The orc closely misses you. The orc hits you but does no damage.
An orc priest comes into view. It is wielding a +0 club.
The orc hits you with a +0 whip. The orc barely misses you.
You shoot a sling bullet. The sling bullet hits the orc.
The orc is heavily wounded.
The orc misses you. The orc hits you but does no damage.
You shoot a sling bullet. The sling bullet hits the orc.
You kill the orc!
The orc hits you but does no damage.
You shoot a sling bullet. The sling bullet hits the orc priest.
The orc priest is lightly wounded.
You shoot a sling bullet.
The sling bullet closely misses the orc priest.
The orc priest hits you with a +0 club. x2; The orc hits you but does no damage.
You shoot a sling bullet.
The sling bullet hits the orc priest but does no damage.
The orc priest is lightly wounded.
The orc closely misses you. The orc priest hits you with a +0 club.
You shoot a sling bullet. The sling bullet hits the orc priest.
The orc priest is moderately wounded.
The orc hits you with a +0 war axe! The orc priest hits you with a +0 club.
You shoot a sling bullet. The sling bullet hits the orc priest!
The orc priest is almost dead.
The orc misses you.
The orc priest looks braver for a moment.
The orc barely misses you.
The orc priest miscasts a cantrip.
You shoot a sling bullet. The sling bullet hits the orc priest.
You kill the orc priest!
The orc hits you with a +0 war axe!
You die...

### ...
#.# #.#
#.# #<#
#.# #@#
...)..)o#
#####$$o#
#$\$#
.$$$#
######


You could see 2 orcs.

Vanquished Creatures
  An orc priest (D:3)
  An orc wizard (D:3)
  An adder (D:2)
  A worm (D:2)
  2 dart slugs
  3 orcs (D:3)
  3 bats
  7 endoplasms
  2 giant cockroaches
  4 goblins (D:1)
  3 hobgoblins
  9 jackals
  5 ball pythons
  3 frilled lizards
  3 kobolds
  4 rats
  A spectral goblin (D:2)
53 creatures vanquished.

Notes
Turn   | Place    | Note
-------+----------+-------------------------------------------
     0 | D:1      | qw the Gargoyle Hexslinger began the quest for the Orb.
     0 | D:1      | Reached XP level 1. HP: 12/12 MP: 2/2
     0 | D:1      | 0 ||| qw: Version: 0.3-a-46-gb1f654a
     0 | D:1      | 0 ||| qw: Game counter: 2464
     0 | D:1      | 0 ||| qw: Melee chars always use a shield: true
     0 | D:1      | 0 ||| qw: God list: Okawaru
     0 | D:1      | 0 ||| qw: Allow faded altars: false
     0 | D:1      | 0 ||| qw: Do Orc after clearing Dungeon:15 true
     0 | D:1      | 0 ||| qw: Do second Lair branch before Depths: true
     0 | D:1      | 0 ||| qw: Lair rune preference: random
     0 | D:1      | 0 ||| qw: Goals: Normal
     0 | D:1      | 0 ||| PLANNING D:1-11
    61 | D:1      | Reached XP level 2. HP: 12/16 MP: 3/3
   167 | D:1      | Reached skill level 3 in Ranged Weapons
   341 | D:1      | Reached XP level 3. HP: 21/21 MP: 4/4
   780 | D:1      | 780 ||| UPGRADING to +0 leather armour.
   790 | D:1      | 790 ||| DROPPING +0 robe.
   791 | D:1      | 791 ||| UPGRADING to +0 ring mail.
   801 | D:1      | 801 ||| DROPPING +0 leather armour.
   802 | D:1      | 802 ||| UPGRADING to ring of see invisible.
   803 | D:1      | 803 ||| READING scroll labelled NUMEMO TATA.
   804 | D:1      | 804 ||| READING scroll labelled UFRAIRR RETIRPH.
   805 | D:1      | 805 ||| DROPPING scroll of poison.
   940 | D:2      | Found a faded altar of an unknown god.
   951 | D:2      | 951 ||| Stepping ~*~*~tactically~*~*~ (water).
  1186 | D:2      | Found an ornate altar of the Wu Jian Council.
  1245 | D:2      | Reached XP level 4. HP: 26/26 MP: 5/5
  1314 | D:2      | Reached skill level 4 in Ranged Weapons
  1430 | D:2      | 1430 ||| READING scroll labelled APLOTH ZAFA.
  1447 | D:2      | 1447 ||| READING scroll labelled APTIOLYVOBB.
  1451 | D:2      | 1451 ||| DRINKING 2 metallic green potions.
  1452 | D:2      | 1452 ||| DROPPING potion of brilliance.
  1474 | D:3      | Found Imepejol's Magic Scroll Shoppe.
  1491 | D:3      | Reached skill level 1 in Armour
  1497 | D:3      | HP: 3/26 [orc/+0 war axe (7)]
  1497 | D:3      | HP: 1/26 [orc priest/+0 club (2)]
  1499 | D:3      | Slain by an orc

Levels and vault maps discovered:
D:1:      kennysheep_arrival_forest, layout_basic
D:2:      layout_loops_cross, dreamdust_ecumenical_altar_drowned_temple,
          basic_altar
D:3:      minmay_goblin_kobold_castle, layout_loops_corners,
          gammafunk_ghost_smash, serial_shops, nicolae_shop_just_a_little_nook,
          nicolae_shop_tiny_waterfront, nicolae_shop_rolling_square, shop_coins,
          nicolae_shop_tiny_waterfront, grunt_decor_one_mirror,
          grunt_decor_arrowhead, nicolae_concentric_dashed_squares_mild,
          uniq_ijyb, uniq_sigmund

Skill      XL: |  1  2  3  4 |
---------------+-------------+-----
Ranged Weapons | 3 4 |  4.0
Fighting       | 2 |  2.0
Armour         | 1 |  1.7
Dodging        | |  1.5
Spellcasting   | |  1.0
Hexes          | |  2.6

Action                     |  1- 3 |  4- 6 || total
---------------------------+-------+-------++-------
   Fire: Sling             |   139 |    28 ||   167
    Use: Scroll            |     2 |     2 ||     4
         Potion            |       |     1 ||     1
 Armour: Robe              |     8 |       ||     8
         Ring mail         |    18 |    13 ||    31
  Dodge: Dodged            |    44 |    16 ||    60

Table legend:
 A = Non-vault XP
 B = Vault XP
 C = Vault XP percentage of total XP
 D = Non-vault monster count
 E = Vault monster count
 F = Vault count percentage of total count
                 A         B        C        D         E       F
            +---------+---------+-------+---------+---------+-------
      Total |     179 |       1 |   0.6 |      52 |       1 |   1.9
            +---------+---------+-------+---------+---------+-------
        D:1 |      45 |       0 |   0.0 |      24 |       0 |   0.0
        D:2 |      50 |       1 |   2.0 |      23 |       1 |   4.2
        D:3 |      84 |       0 |   0.0 |       5 |       0 |   0.0
            +---------+---------+-------+---------+---------+-------
